 Dungeon Sprint DCSS version 0.31-a0-656-gb4d89c20fa (webtiles) character file.

Game seed: 8184470780835823455

3100000 zazu2006 the Intangible (level 20, -61/197 HPs)
             Began as a Vampire Gladiator on Aug 30, 2023.
             Was the Champion of Makhleb.
             Annihilated by a destroyer
             ... wielding a +9 heavy great sword
              (218 damage)
             ... in the Dungeon (Sprint VIII: "Arena of Blood").
             The game lasted 00:01:21 (31 turns).

zazu2006 the Intangible (Vampire Gladiator)           Turns: 31, Time: 00:01:22

Health: -61/197    AC:  5    Str: 19    XL:     20   Next: 28%
Magic:  17/34      EV: 29    Int: 12    God:    Makhleb [******]
Gold:   0          SH:  0    Dex: 17    Spells: 39/39 levels left

rFire   . . .        l - +∞ Axe of Woe
rCold   . . .        (shield currently unavailable)
rNeg    . . .        b - +0 leather armour
rPois   .            c - +0 helmet
rElec   .            (no cloak)
rCorr   .            (no gloves)
SInv    +            (no boots)
Will    ++...        (no amulet)
Stlth   ++++++       (no ring)
HPRegen 0.72/turn    (no ring)
MPRegen 0.24/turn

%: no teleportation
@: healing quickly
A: alive, fangs 3, see invisible, vampiric 2
a: Exsanguinate, Renounce Religion, Minor Destruction, Lesser Servant of
Makhleb, Major Destruction, Greater Servant of Makhleb


You were in the Dungeon.
You worshipped Makhleb.
Makhleb was exalted by your worship.
You visited 1 branch

Inventory:

Hand Weapons
 l - the +∞ Axe of Woe (weapon)
   (You found it in the Dungeon)
Missiles
 d - 3 throwing nets (quivered)
 e - a javelin
Armour
 b - a +0 leather armour (worn)
 c - a +0 helmet (worn)
Scrolls
 k - a scroll of blinking
Potions
 f - a potion of curing
 g - a potion of heal wounds
 h - a potion of haste
 i - 2 potions of magic
 j - a potion of berserk rage


   Skills:
 O Level 27 Fighting
 + Level 12.0(14.0) Short Blades
 + Level 11.0(12.9) Long Blades
 O Level 27 Axes
 + Level 9.3(19.5) Maces & Flails
 + Level 10.1(21.0) Polearms
 + Level 9.3(12.4) Staves
 + Level 9.3 Ranged Weapons
 O Level 27 Throwing
 + Level 9.3 Armour
 O Level 27 Dodging
 + Level 16.6 Stealth
 + Level 10.1 Shields
 + Level 12.0 Unarmed Combat
 + Level 10.1 Spellcasting
 + Level 8.5 Conjurations
 + Level 15.3 Hexes
 + Level 11.0 Summonings
 + Level 12.0 Necromancy
 + Level 9.3 Translocations
 + Level 12.0 Transmutations
 + Level 9.3 Fire Magic
 + Level 11.0 Ice Magic
 + Level 11.0 Air Magic
 + Level 11.0 Earth Magic
 + Level 10.1 Poison Magic
 + Level 10.1 Invocations
 + Level 10.1 Evocations
 + Level 11.0 Shapeshifting


You had 39 spell levels left.
You didn't know any spells.
Your spell library was empty.

Dungeon Overview and Level Annotations

Branches:
Dungeon (1/1)

Altars:
Makhleb


Innate Abilities, Weirdness & Mutations

Your natural rate of healing is accelerated.
You have razor-sharp teeth.
You have supernaturally acute eyesight. (SInv)
You are afflicted with vampirism and can become a bat while bloodless.


Message History

Your base Long Blades skill increases to level 11!
Your base Maces & Flails skill increases to level 9!
Your base Polearms skill increases to level 10!
Your base Staves skill increases to level 9!
Your Ranged Weapons skill increases to level 9!
Your Armour skill increases to level 9!
Your Stealth skill increases to level 16!
Your Shields skill increases to level 10!
Your Unarmed Combat skill gained 2 levels and is now at level 12!
Your Spellcasting skill increases to level 10!
Your Conjurations skill increases to level 8!
Your Hexes skill gained 2 levels and is now at level 15!
Your Summonings skill gained 2 levels and is now at level 11!
Your Necromancy skill gained 2 levels and is now at level 12!
Your Translocations skill increases to level 9!
Your Transmutations skill gained 2 levels and is now at level 12!
Your Fire Magic skill increases to level 9!
Your Ice Magic skill gained 2 levels and is now at level 11!
Your Air Magic skill gained 2 levels and is now at level 11!
Your Earth Magic skill gained 2 levels and is now at level 11!
Your Poison Magic skill increases to level 10!
Your Invocations skill increases to level 10!
Your Evocations skill increases to level 10!
Your Shapeshifting skill gained 2 levels and is now at level 11!
You have reached level 20!
You feel clever.
Unknown command.
Unknown command.
Unknown command.
Unknown command.
A destroyer, a large bag of meat and 3 bags of meat come into view.
The destroyer is wielding a +9 heavy great sword.
The destroyer shouts!
The bag of meat shouts! x2; You hear two shouts!
A bag of meat comes into view. It is wielding a +9 war axe.
The bag of meat is engulfed in blazing flames.
A bag of meat comes into view. It is wielding a +9 war axe. x2
A meat berserker comes into view. It is wielding a +9 battleaxe.
The destroyer hits you with a +9 heavy great sword!!!!!
Ouch! That really hurt!
You die...

.............oo
.oo.........Vo.
...o......o....
..o......ooo.
...o.......o
#.O...oV# .
#..§Ooo.# ...
.###.O§o§@V###....
......###)).......
......_.)).......
...#..o))#)O....o
#_.<)_#.o.....
#.....#..V.oo#
...VOo_.......O..
.....o###......oO.
o###.. ...###....


You could see 5 destroyers, 4 large bags of meat, 3 meat berserkers and 23 bags
of meat.

Vanquished Creatures
  5 ogres (D)
  2 two-headed ogres (D)
  38 orcs (D)
45 creatures vanquished.

Notes
Turn   | Place    | Note
-------+----------+-------------------------------------------
     0 | D        | Found the +∞ Axe of Woe
     0 | D        | zazu2006 the Vampire Gladiator began the quest for the Orb.
     0 | D        | Reached XP level 1. HP: 16/16 MP: 1/1
     0 | D        | Noticed a bag of meat
     2 | D        | Noticed a bag of meat
     2 | D        | Noticed a bag of meat
     3 | D        | Noticed a bag of meat
     4 | D        | Noticed a bag of meat
     4 | D        | Noticed a bag of meat
     5 | D        | Became a worshipper of Makhleb the Destroyer
     6 | D        | Noticed a meat berserker
     6 | D        | Killed a bag of meat
     7 | D        | Reached skill level 15 in Axes
     7 | D        | Reached XP level 2. HP: 33/33 MP: 2/2
     7 | D        | Gained mutation: You are afflicted with vampirism and can
                  | become a bat while bloodless. [Vampire growth]
     7 | D        | Reached XP level 3. HP: 38/38 MP: 3/3
     7 | D        | Reached XP level 4. HP: 45/45 MP: 4/4
     7 | D        | Reached XP level 5. HP: 50/50 MP: 5/5
     7 | D        | Reached XP level 6. HP: 57/57 MP: 6/6
     7 | D        | Reached XP level 7. HP: 63/63 MP: 7/7
     7 | D        | Reached XP level 8. HP: 69/69 MP: 8/8
     7 | D        | Reached XP level 9. HP: 75/75 MP: 9/9
     7 | D        | Reached XP level 10. HP: 81/81 MP: 10/10
     7 | D        | Killed a meat berserker
     7 | D        | Reached * piety under Makhleb
     7 | D        | Noticed a bag of meat
     8 | D        | Reached skill level 10 in Fighting
     8 | D        | Reached XP level 11. HP: 92/92 MP: 11/11
     8 | D        | Reached XP level 12. HP: 98/98 MP: 12/12
     8 | D        | Killed a bag of meat
     9 | D        | Reached skill level 10 in Throwing
     9 | D        | Reached XP level 13. HP: 106/106 MP: 13/13
     9 | D        | Noticed a bag of meat
    10 | D        | Killed a bag of meat
    10 | D        | Killed a bag of meat
    10 | D        | Reached ** piety under Makhleb
    10 | D        | Noticed a bag of meat
    11 | D        | Noticed a bag of meat
    12 | D        | Noticed a bag of meat
    12 | D        | Noticed a bag of meat
    12 | D        | Noticed a bag of meat
    12 | D        | Noticed a bag of meat
    12 | D        | Noticed a bag of meat
    12 | D        | Noticed a bag of meat
    12 | D        | Noticed a bag of meat
    13 | D        | Killed a bag of meat
    13 | D        | Noticed a meat berserker
    13 | D        | Noticed a bag of meat
    14 | D        | Reached XP level 14. HP: 118/118 MP: 14/14
    14 | D        | Killed a bag of meat
    14 | D        | Noticed a meat berserker
    15 | D        | Killed a bag of meat
    15 | D        | Reached *** piety under Makhleb
    15 | D        | Noticed a bag of meat
    15 | D        | Noticed a bag of meat
    15 | D        | Noticed a bag of meat
    15 | D        | Noticed a bag of meat
    16 | D        | Reached skill level 27 in Dodging
    16 | D        | Noticed a bag of meat
    16 | D        | Noticed a bag of meat
    17 | D        | Killed a bag of meat
    17 | D        | Noticed a meat berserker
    17 | D        | Noticed a bag of meat
    17 | D        | Noticed a bag of meat
    17 | D        | Noticed a bag of meat
    18 | D        | Noticed a bag of meat
    18 | D        | Noticed a bag of meat
    18 | D        | Noticed a bag of meat
    18 | D        | Noticed a bag of meat
    18 | D        | Noticed a bag of meat
    19 | D        | Killed a bag of meat
    19 | D        | Killed a bag of meat
    19 | D        | Reached **** piety under Makhleb
    19 | D        | Killed a bag of meat
    19 | D        | Killed a bag of meat
    20 | D        | Reached skill level 27 in Axes
    20 | D        | Reached skill level 15 in Throwing
    20 | D        | Reached XP level 15. HP: 139/139 MP: 15/15
    20 | D        | Noticed a meat berserker
    20 | D        | Noticed a destroyer
    21 | D        | Reached ***** piety under Makhleb
    22 | D        | Reached XP level 16. HP: 153/153 MP: 16/16
    22 | D        | Killed a meat berserker
    22 | D        | Noticed a large bag of meat
    23 | D        | Killed a meat berserker
    23 | D        | Reached ****** piety under Makhleb
    23 | D        | Noticed a large bag of meat
    24 | D        | Reached skill level 27 in Fighting
    24 | D        | Reached XP level 17. HP: 174/174 MP: 17/17
    25 | D        | Reached skill level 27 in Throwing
    25 | D        | Killed a meat berserker
    25 | D        | Noticed a large bag of meat
    25 | D        | Noticed a meat berserker
    25 | D        | Noticed a destroyer
    26 | D        | Reached skill level 5 in Long Blades
    26 | D        | Reached skill level 5 in Polearms
    26 | D        | Reached skill level 5 in Shields
    26 | D        | Reached skill level 5 in Spellcasting
    26 | D        | Reached skill level 5 in Summonings
    26 | D        | Reached skill level 5 in Ice Magic
    26 | D        | Reached skill level 5 in Air Magic
    26 | D        | Reached skill level 5 in Earth Magic
    26 | D        | Reached skill level 5 in Poison Magic
    26 | D        | Reached skill level 5 in Invocations
    26 | D        | Reached skill level 5 in Evocations
    26 | D        | Reached skill level 5 in Shapeshifting
    26 | D        | Reached XP level 18. HP: 182/182 MP: 17/25
    26 | D        | Killed a meat berserker
    27 | D        | Reached skill level 5 in Maces & Flails
    27 | D        | Reached skill level 5 in Staves
    27 | D        | Reached skill level 5 in Ranged Weapons
    27 | D        | Reached skill level 5 in Armour
    27 | D        | Reached skill level 5 in Conjurations
    27 | D        | Reached skill level 10 in Hexes
    27 | D        | Reached skill level 5 in Translocations
    27 | D        | Reached skill level 5 in Fire Magic
    27 | D        | Noticed a large bag of meat
    28 | D        | Reached XP level 19. HP: 189/189 MP: 17/30
    28 | D        | Noticed a destroyer
    28 | D        | Killed a large bag of meat
    28 | D        | Noticed a large bag of meat
    29 | D        | Reached skill level 10 in Short Blades
    29 | D        | Reached skill level 10 in Unarmed Combat
    29 | D        | Reached skill level 10 in Necromancy
    29 | D        | Reached skill level 10 in Transmutations
    29 | D        | Noticed a destroyer
    30 | D        | Reached skill level 10 in Long Blades
    30 | D        | Reached skill level 15 in Stealth
    30 | D        | Killed a large bag of meat
    30 | D        | Noticed a meat berserker
    31 | D        | Reached skill level 10 in Polearms
    31 | D        | Reached skill level 10 in Shields
    31 | D        | Reached skill level 10 in Spellcasting
    31 | D        | Reached skill level 15 in Hexes
    31 | D        | Reached skill level 10 in Poison Magic
    31 | D        | Reached skill level 10 in Invocations
    31 | D        | Reached skill level 10 in Evocations
    31 | D        | Reached XP level 20. HP: 156/197 MP: 17/34
    31 | D        | Noticed a destroyer
    31 | D        | Noticed a large bag of meat
    31 | D        | Noticed a meat berserker
    31 | D        | Annihilated by a destroyer

Illustrated notes

Levels and vault maps discovered:
D:        meatsprint

Skill      XL: |  1  2  3  4  5  6  7  8  9 10 11 12 13 14 15 16 17 18 19 |
---------------+----------------------------------------------------------+-----
Fighting       | 8 10 11 13 19 21 27 | 27.0
Axes           | 15 19 20 22 27 | 27.0
Throwing       | 7 9 10 11 15 17 25 27 | 27.0
Dodging        | 17 21 23 25 27 | 27.0
Short Blades   | 6 9 12 | 12.0
Long Blades    | 5 8 11 | 11.0
Maces & Flails | 4 7 9 |  9.3
Polearms       | 5 7 10 | 10.1
Staves         | 4 7 9 |  9.3
Ranged Weapons | 4 7 9 |  9.3
Armour         | 4 7 9 |  9.3
Stealth        | 8 13 16 | 16.6
Shields        | 5 7 10 | 10.1
Unarmed Combat | 6 9 12 | 12.0
Spellcasting   | 5 7 10 | 10.1
Conjurations   | 4 6 8 |  8.5
Hexes          | 8 12 15 | 15.3
Summonings     | 5 8 11 | 11.0
Necromancy     | 6 9 12 | 12.0
Translocations | 4 7 9 |  9.3
Transmutations | 6 9 12 | 12.0
Fire Magic     | 4 7 9 |  9.3
Ice Magic      | 5 8 11 | 11.0
Air Magic      | 5 8 11 | 11.0
Earth Magic    | 5 8 11 | 11.0
Poison Magic   | 5 7 10 | 10.1
Invocations    | 5 7 10 | 10.1
Evocations     | 5 7 10 | 10.1
Shapeshifting  | 5 8 11 | 11.0

Action                     |  1- 3 |  4- 6 |  7- 9 | 10-12 | 13-15 | 16-18 | 19-21 || total
---------------------------+-------+-------+-------+-------+-------+-------+-------++-------
  Melee: Executioner's axe |     1 |       |       |     2 |     7 |     6 |     3 ||    19

Table legend: (Time is in decaauts)
 A = Elapsed time spent in this place.
 B = Non-inter-level travel time spent in this place.
 C = Inter-level travel time spent in this place.
 D = Time resting spent in this place.
 E = Time spent auto-exploring this place.
 F = Levels seen in this place.
 G = Mean time per level.
                   A        B        C        D        E       F      G
               +--------+--------+--------+--------+--------+-----+--------+
         Total |     26 |     26 |      0 |      0 |      0 |   1 |   26.0 |
       Dungeon |     26 |     26 |      0 |      0 |      0 |   1 |   26.0 |
               +--------+--------+--------+--------+--------+-----+--------+

Top non-repeatable levels by time:
       D: 26 daAuts
